AoeStats
← HermanSeGerman

Arabia

508701387Analyzed
2v2 RM · 9d ago on Sep 23, 2026· 40m 52s· 4 players
Game mode
Random Map
Map size
Medium (4 player)
Population
200
Speed
Normal
Resources
Standard
Victory
Conquest
Starting age
Dark Age
Ending age
Imperial Age
RankedLock teamsTeams togetherTeam positionsShared explorationLock speedFull tech treeHidden civsTurbo modeCheats
Victory
Defeat
🇳🇴 Saxons · Norway
1341
+18
🇳🇴 Varangians · Norway
1302
+19
🇩🇪 Varangians · Germany
1465
-22
🇩🇪 Britons · Germany
1291
-15
MS-Skitat
7:17 Loom
9:45 Feudal Age
10:21 Double-Bit Axe
10:17 Horse Collar
17:15 Bloodlines
20:06 Town Watch
22:43 Wheelbarrow
25:08 Castle Age
23:14 Gold Mining
23:32 Scale Barding Armor
25:10 Forging
26:32 Chain Barding Armor
26:27 Husbandry
36:41 Hand Cart
37:04 Iron Casting
GhostyD
7:03 Loom
9:37 Feudal Age
10:13 Double-Bit Axe
10:40 Man-at-Arms
14:02 Horse Collar
16:22 Fletching
24:07 Castle Age
24:45 Bodkin Arrow
24:11 Crossbowman
26:50 Bow Saw
26:41 Pikeman
30:12 Ballistics
30:36 Long Swordsman
31:01 Gambesons
32:11 Squires
32:57 Scale Mail Armor
33:07 Forging
37:35 Imperial Age
36:44 Stone Mining
36:44 Gold Mining
38:16 Arson
39:24 Chain Mail Armor
39:45 Iron Casting
39:18 Bracer
38:53 Halberdier
40:31 Two-Handed Swordsman
MampeJr
6:37 Loom
8:46 Feudal Age
10:14 Double-Bit Axe
16:09 Horse Collar
20:20 Castle Age
19:58 Bloodlines
19:54 Scale Barding Armor
20:00 Forging
20:47 Gold Mining
21:22 Bow Saw
23:35 Wheelbarrow
26:47 Chain Barding Armor
26:30 Heavy Plow
30:20 Stone Mining
36:27 Padded Archer Armor
36:27 Scale Mail Armor
38:32 Iron Casting
HermanSeGerman
7:18 Loom
9:47 Feudal Age
12:24 Double-Bit Axe
16:22 Fletching
23:56 Castle Age
23:32 Horse Collar
25:05 Crossbowman
25:48 Padded Archer Armor
27:45 Bodkin Arrow
30:47 Ballistics
35:52 Leather Archer Armor
36:32 Pikeman
38:17 Gold Mining
Connection lost

Rejoining the realm…

Still unreachable

The connection could not be restored.

Session expired

The server has moved on; the page needs a fresh start.